 Dungeon Crawl Stone Soup version 0.21-a0-531-gacddea6 (webtiles) character file.

955 mortelune the Conjurer (level 7, -7/36 HPs)
             Began as a Deep Elf Conjurer on Dec 14, 2017.
             Was an Initiate of Vehumet.
             Mangled by Pikel
             ... wielding a +0 whip of electrocution
              (9 damage)
             ... on level 5 of the Dungeon.
             The game lasted 00:26:38 (8964 turns).

mortelune the Conjurer (Deep Elf Conjurer)          Turns: 8964, Time: 00:26:38

Health: -7/36      AC:  3    Str:  6    XL:     7   Next: 91%
Magic:  7/18       EV: 15    Int: 21    God:    Vehumet [......]
Gold:   36         SH:  0    Dex: 15    Spells: 4/18 levels left

rFire    . . .     SeeInvis .   (no weapon)
rCold    . . .     Gourm    .   (no shield)
rNeg     . . .     Faith    .   a - +0 robe
rPois    .         Spirit   .   (no helmet)
rElec    .         Reflect  .   (no cloak)
rCorr    .         Harm     .   n - +0 pair of gloves
MR       .....                  (no boots)
Stlth    ++........             (no amulet)
HPRegen  0.12/turn              (no ring)
MPRegen  0.16/turn              (no ring)

@: no status effects
A: no striking features
a: Renounce Religion


You were on level 5 of the Dungeon.
You worshipped Vehumet.
Vehumet was noncommittal.
You were not hungry.

You visited 2 branches of the dungeon, and saw 8 of its levels.

You collected 270 gold pieces.
You spent 234 gold pieces at shops.

Inventory:

Hand Weapons
 e - a +1 short sword of freezing
 u - a +4 quarterstaff
Armour
 a - a +0 robe (worn)
 d - a +0 pair of gloves
 n - a +0 pair of gloves (worn)
Wands
 k - a wand of paralysis (14)
Scrolls
 f - 2 scrolls of enchant weapon
 h - a scroll of immolation {unknown}
 j - a scroll of blinking {unknown}
 m - 4 scrolls of remove curse
 o - a scroll of fear {unknown}
 r - a scroll of enchant armour {unknown}
 s - a scroll of random uselessness {unknown}
 w - a scroll of fog {unknown}
 x - a scroll of teleportation {unknown}
Potions
 g - a potion of curing
 i - 2 potions of lignification
 l - a potion of haste
 q - a potion of invisibility
 t - a potion of berserk rage
 v - a potion of agility {unknown}
 A - 2 potions of resistance
 B - a potion of degeneration {unknown}
 D - a potion of ambrosia {unknown}
Books
 b - a book of Conjurations

   Spells                             Type                      Level
   a - Magic Dart                     Conjuration                  1
   b - Searing Ray                    Conjuration                  2
   c - Dazzling Spray                 Conjuration/Hexes            3
   d - Fulminant Prism                Conjuration/Hexes            4
   e - Force Lance                    Conjuration/Translocation    4
   f - Iskenderun's Mystic Blast      Conjuration                  4
Comestibles
 c - 3 bread rations
 p - 3 chunks of flesh
 z - a fruit
 C - a royal jelly


   Skills:
 + Level 5.4 Dodging
 - Level 2.4 Stealth
 + Level 6.1 Spellcasting
 * Level 7.8 Conjurations
 + Level 4.7 Hexes


You had 4 spell levels left.
You knew the following spells:

 Your Spells              Type           Power        Failure   Level  Hunger
a - Magic Dart            Conj           ####         1%          1    None
b - Searing Ray           Conj           #####.       1%          2    None
c - Dazzling Spray        Conj/Hex       ####..       2%          3    ##.....
d - Iskenderun's Mystic   Conj           #####...     3%          4    ####...
e - Fulminant Prism       Conj/Hex       ####......   7%          4    ####...


Dungeon Overview and Level Annotations

Branches:
Dungeon (7/15)             Temple (1/1) D:5

Altars:
Ashenzari
Dithmenos
Elyvilon
Fedhas
Gozag
Hepliaklqana
Kikubaaqudgha
Makhleb
Okawaru
Qazlal
Ru
Sif Muna
Trog
Vehumet
Wu Jian
Xom
Yredelemnul
Zin
The Shining One

Shops:
D:6 !

Annotations:
D:5 Eustachio; Pikel
D:6 Statics's ghost, novice OpVM
D:7 Dowan; Duvessa


Message History

Found 20 gold pieces.
Pikel says, "You'll fetch a fair price!"
Pikel hits you with a whip of electrocution.
You are electrocuted!
Ouch! That really hurt!
* * * LOW HITPOINT WARNING * * *
There is a stone staircase leading up here.
You feel better.
Pikel hits you with a whip of electrocution.
* * * LOW HITPOINT WARNING * * *
Pikel hits you with a whip of electrocution.
* * * LOW HITPOINT WARNING * * *
You climb upwards.
Level annotation: Eustachio
There is a stone staircase leading down here.
You feel better.
Pikel hits you with a whip of electrocution!
* * * LOW HITPOINT WARNING * * *
You are electrocuted!
You die...

#.########.# #.# #.#
######.########.#######
#.....................#
#.####.#..............# #.#
#.#.###.....##<..# #.# #.#.#
#.##..##.).########## #.#
#.#.###.##.K............... #.#
#.#.....##@........#######. #.#
##.##.............#.## ####.
#.###.............##..#..# #....
#........w.#.......#.###.###....
#####..............#.# #..##....
#...#.##.#.....#.####.##....
#...#....#.....#....#.####..
#...#.#..#..#..#....#..# #..
#...#...............##.####)


You could see Pikel and a worm (wandering).

Vanquished Creatures
  A slave (D:6)
  A sky beast (D:5)
  An ogre (D:5)
  A centaur (D:5)
  2 bullfrogs
  3 scorpions
  A hound (D:7)
  An orc priest (D:5)
  A bullfrog skeleton (D:5)
  An iguana (D:4)
  2 worker ants
  A hound zombie (D:5)
  A worker ant zombie (D:3)
  2 gnolls
  9 adders
  2 shadow imps
  An ooze (D:1)
  An adder zombie (D:7)
  3 worms
  2 dart slugs
  4 leopard geckos
  13 orcs
  3 ball pythons
  5 giant cockroaches
  9 goblins
  6 hobgoblins
  6 jackals
  4 quokkas
  A ball python skeleton (D:5)
  7 bats
  4 frilled lizards
  12 kobolds
  A quokka zombie (D:5)
  8 rats
120 creatures vanquished.

Vanquished Creatures (others)
  3 fulminant prisms
3 creatures vanquished.

Grand Total: 123 creatures vanquished

Notes
Turn   | Place    | Note
-------+----------+-------------------------------------------
     0 | D:1      | mortelune the Deep Elf Conjurer began the quest for the Orb.
     0 | D:1      | Reached XP level 1. HP: 10/10 MP: 6/6
   229 | D:1      | Reached XP level 2. HP: 15/15 MP: 4/8
   233 | D:1      | Learned a level 2 spell: Searing Ray
   863 | D:1      | Reached skill level 5 in Conjurations
   904 | D:1      | Reached XP level 3. HP: 19/19 MP: 5/10
   909 | D:1      | Learned a level 3 spell: Dazzling Spray
  2072 | D:2      | Reached skill level 1 in Hexes
  2072 | D:2      | Reached XP level 4. HP: 24/24 MP: 5/11
  2706 | D:2      | Learned a level 4 spell: Iskenderun's Mystic Blast
  2877 | D:3      | Found a stormy altar of Qazlal.
  3369 | D:3      | Reached XP level 5. HP: 21/28 MP: 1/13
  3657 | D:3      | Reached skill level 6 in Conjurations
  4415 | D:4      | Found a shattered altar of Ashenzari.
  4571 | D:4      | Found a glowing golden altar of the Shining One.
  4743 | D:4      | Reached XP level 6. HP: 22/32 MP: 5/15
  5009 | D:4      | Got a twisted quarterstaff
  5010 | D:4      | Identified the +0 quarterstaff "Impbane" {protect, Str+5 Dex-3} (You found it on level 4 of the Dungeon)
  5169 | D:5      | Entered Level 5 of the Dungeon
  5175 | D:5      | Learned a level 4 spell: Fulminant Prism
  5247 | D:5      | Reached skill level 5 in Spellcasting
  5516 | D:5      | Noticed a sky beast
  5531 | D:5      | Killed a sky beast
  5636 | D:5      | Found an iron altar of Okawaru.
  6298 | D:5      | Reached skill level 7 in Conjurations
  6298 | D:5      | Reached XP level 7. HP: 36/36 MP: 10/17
  6485 | D:5      | Noticed Eustachio
  7080 | D:5      | Reached skill level 5 in Dodging
  7295 | D:5      | Found a staircase to the Ecumenical Temple.
  7305 | Temple   | Entered the Ecumenical Temple
  7334 | Temple   | Became a worshipper of Vehumet
  7475 | D:6      | Noticed Statics's ghost (novice OpVM)
  7721 | D:6      | Found a shimmering altar of Xom.
  7764 | D:6      | Found a white marble altar of Elyvilon.
  8098 | D:6      | Found Xememm's Distillery.
  8107 | D:6      | Bought a potion of invisibility for 104 gold pieces
  8107 | D:6      | Bought a potion of resistance for 130 gold pieces
  8780 | D:7      | Noticed Duvessa
  8786 | D:7      | Noticed Dowan
  8922 | D:6      | Noticed Pikel
  8962 | D:6      | HP: 1/36 [Pikel/whip of electrocution (3)]
  8964 | D:5      | Mangled by Pikel

Vault maps used:
D:1:      dpeg_arrival_boxorama, lemuel_old_faithful
D:2:      first_bread
D:3:      grunt_qazlal_clouds, minivault_26
D:4:      nicolae_overflow_crystal_walls, lemuel_crystal_altar
D:5:      minmay_temple_entry_trees, minmay_misc_feat_doors,
          okawaru_metal_pillars_3, uniq_eustachio
D:6:      kennysheep_mini_moat, xom_teletrap_fun, serial_shops,
          nicolae_shop_crystal, uniq_pikel
D:7:      minitemple, basic_altar, grunt_ogre_cave, uniq_duvessa
Temple:   cyrus_circular_temple

Skill      XL: |  1  2  3  4  5  6  7 |
---------------+----------------------+-----
Dodging        | 3 4 5 |  5.4
Conjurations   | 5 6 7 |  7.8
Hexes          | 1 2 3 4 |  4.7
Spellcasting   | 4 5 6 |  6.1
Stealth        | |  2.4

Action                   |  1- 3 |  4- 6 |  7- 9 || total
-------------------------+-------+-------+-------++-------
Melee: Short sword       |     2 |       |       ||     2
       Quarterstaff      |       |     2 |     2 ||     4
 Cast: Magic Dart        |    62 |   118 |    69 ||   249
       Searing Ray       |     7 |    14 |     9 ||    30
       Dazzling Spray    |       |     5 |    12 ||    17
       Iskenderun's Myst |       |    11 |       ||    11
       Fulminant Prism   |       |       |     3 ||     3
  Use: Scroll            |       |     6 |     2 ||     8
       Potion            |       |       |     4 ||     4
  Eat: Chunk             |     4 |    12 |     1 ||    17
       Royal jelly       |       |     1 |       ||     1
       Meat ration       |       |       |     1 ||     1
       Bread ration      |       |       |     1 ||     1
Armor: Robe              |     2 |     3 |     6 ||    11
Dodge: Dodged            |    10 |    20 |    22 ||    52

Table legend:
 A = Spawn XP
 B = Non-spawn XP
 C = Spawn XP percentage of total XP
 D = Spawn monster count
 E = Non-spawn monster count
 F = Spawn count percentage of total count
 G = Total turns spent on level
                    A         B        C        D         E        F      G
               +---------+---------+-------+---------+---------+-------+---------
         Total |       0 |    1365 |   0.0 |       0 |     119 |   0.0 |  8964
               +---------+---------+-------+---------+---------+-------+---------
           D:1 |       0 |      60 |   0.0 |       0 |      24 |   0.0 |  1436
           D:2 |       0 |      87 |   0.0 |       0 |      27 |   0.0 |  1393
           D:3 |       0 |     171 |   0.0 |       0 |      29 |   0.0 |  1423
           D:4 |       0 |     105 |   0.0 |       0 |       8 |   0.0 |  1289
           D:5 |       0 |     576 |   0.0 |       0 |      19 |   0.0 |  2104
           D:6 |       0 |     214 |   0.0 |       0 |       8 |   0.0 |  1053
           D:7 |       0 |     152 |   0.0 |       0 |       4 |   0.0 |   192
               +---------+---------+-------+---------+---------+-------+---------
